 Dungeon Crawl Stone Soup version 0.20-a0-681-gf83e07f (webtiles) character file.

25 Alarkh the Slasher (level 2, -1/24 HPs)
             Began as a Mummy Chaos Knight on Feb 18, 2017.
             Was an Initiate of Okawaru.
             Slain by a wolf (10 damage)
             ... on level 2 of the Dungeon.
             The game lasted 00:00:55 (1072 turns).

Alarkh the Slasher (Mummy Chaos Knight)             Turns: 1072, Time: 00:00:56

Health: -1/24      AC:  5    Str: 13 (15) XL:     2   Next: 86%
Magic:  2/2        EV: 11    Int:  9 (11) God:    Okawaru [......]
Gold:   63         SH:  0    Dex: 11      Spells: 1/1 levels left

rFire    x . .     SeeInvis .   a - +0 falchion (chaos)
rCold    + . .     Gourm    .   b - +2 leather armour
rNeg     + + +     Faith    .   (no shield)
rPois    ∞         Spirit   .   (no helmet)
rElec    .         Reflect  .   (no cloak)
rCorr    .         Harm     .   (no gloves)
MR       .....                  (no boots)
Stlth    +.........             (no amulet)
Regen    0.1/turn               (no ring)
MPRegen  0.1/turn               (no ring)

@: no status effects
A: no food or potions, fire vulnerability, cold resistance 1, negative energy
resistance 3, torment resistance, unbreathing
a: Renounce Religion


You were on level 2 of the Dungeon.
You worshipped Okawaru.
Okawaru was noncommittal.
You were not hungry.

You visited 1 branch of the dungeon, and saw 2 of its levels.

You collected 63 gold pieces.

Inventory:

Hand Weapons
 a - a +0 falchion of chaos (weapon)
Armour
 b - a +2 leather armour (worn)
Scrolls
 c - a scroll of immolation {unknown}
 d - a scroll of teleportation {unknown}
 e - a scroll of identify {unknown}
 f - a scroll of remove curse {unknown}


   Skills:
 - Level 3.0 Fighting
 + Level 3.4 Long Blades
 - Level 1.5 Armour
 - Level 0.7 Dodging


You had one spell level left.
You didn't know any spells.

Dungeon Overview and Level Annotations

Branches:
Dungeon (2/15)

Altars:
Okawaru
Xom


Innate Abilities, Weirdness & Mutations

You do not eat or drink.
Your flesh is vulnerable to fire.
You are immune to poison.
Your flesh is cold resistant. (rC+)
You are immune to negative energy. (rN+++)
You are immune to unholy pain and torment.
You can survive without breathing.


Message History

The worm is almost dead.
The worm bites you but does no damage.
You hit the worm but do no damage.
The worm seems to speed up.
The worm is severely wounded.
The worm bites you.
You hit the worm.
The worm evaporates and reforms as a wolf!
The wolf is moderately wounded.
The wolf barely misses you.
You riposte.
You hit the wolf but do no damage.
The wolf is poisoned.
The wolf is moderately wounded.
You hit the wolf but do no damage.
The wolf is moderately wounded.
The wolf barely misses you.
You riposte.
You closely miss the wolf.
The wolf is moderately wounded.
The wolf misses you.
You closely miss the wolf.
The wolf is moderately wounded.
The wolf bites you!
You die...

# ..### #. ....
#.###...## ........
♣#♣##..#.#####.
...............
♣###...##.P..
#.h..<$..PP.♣
♣@###...P..♣♣ #.#
#...♣♣♣♣ ♣.#
#.....♣♣
#.###.....P♣
#......<.P.P♣ P
###.######..P♣♣♣♣..
............#..P..P
....#######.#..P...
# #.....#..


You could see a wolf.

Vanquished Creatures
  An adder (D:1)
  4 bats
  3 goblins (D:1)
  A hobgoblin (D:1)
  A frilled lizard (D:1)
  3 kobolds (D:1)
  2 rats (D:1)
15 creatures vanquished.

Notes
Turn   | Place    | Note
-------+----------+-------------------------------------------
     0 | D:1      | Alarkh the Mummy Chaos Knight began the quest for the Orb.
     0 | D:1      | Reached XP level 1. HP: 18/18 MP: 1/1
     2 | D:1      | Fell from the grace of Xom
   212 | D:1      | Reached XP level 2. HP: 24/24 MP: 2/2
   226 | D:1      | Found an iron altar of Okawaru.
   227 | D:1      | XOM: stat loss: -3 Int (8/11)
   232 | D:1      | Became a worshipper of Warmaster Okawaru
   284 | D:1      | XOM: scenery: create altars
   436 | D:1      | XOM: stat loss: -2 Str (13/15)
  1052 | D:1      | XOM: summons 3 hostile shadow creatures
  1070 | D:2      | Noticed a wolf
  1070 | D:2      | a worm changed into a wolf
  1072 | D:2      | Slain by a wolf

Vault maps used:
D:1:      kennysheep_arrival_seaside, okawaru_ov_weapons_minmay
D:2:      serial_forest, infiniplex_forest_lined_2, infiniplex_forest_lined_1,
          infiniplex_forest_clump_tiny, infiniplex_forest_end_3,
          infiniplex_forest_end_2, infiniplex_forest_clump_large,
          infiniplex_forest_lined_room_2, infiniplex_forest_zigzag_2,
          infiniplex_forest_clump_tiny, hangedman_feature_mirror,
          minmay_pentomino_v2, uniq_sigmund, uniq_iyjb, uniq_robin

Skill      XL: |  1  2 |
---------------+-------+-----
Long Blades    | 3 |  3.4
Fighting       | |  3.0
Armour         | |  1.5
Dodging        | |  0.7

Action                   || total
-------------------------++-------
Melee: Falchion          ||    60
Invok: Renounce Religion ||     1
Armor: Leather armour    ||    21
Dodge: Dodged            ||    39
       Rpst.: Falchion   ||    13
